 Dungeon Crawl Stone Soup version 0.30-a0-137-gd8773701ce (webtiles) character file.

Game seed: 2302221649880556973

17252 Tilon the Eclecticist (level 12, -1/62 HPs)
             Began as a Deep Elf Conjurer on May 19, 2022.
             Was a High Priest of Vehumet.
             Slain by a meliai simulacrum (9 damage)
             ... on level 11 of the Dungeon on Sept 23, 2022.
             The game lasted 02:05:53 (14905 turns).

Tilon the Eclecticist (Deep Elf Conjurer)          Turns: 14905, Time: 02:05:54

Health: -1/62      AC:  9    Str:  4    XL:     12   Next: 17%
Magic:  32/33      EV: 13    Int: 29    God:    Vehumet [*****.]
Gold:   398        SH:  5    Dex: 13    Spells: 23/41 levels left

rFire   . . .      SeeInvis +    a - +8 rapier of Wiseij Husau {flame, rElec}
rCold   . . .      Faith    .    (no shield)
rNeg    . . .      Spirit   .    D - +2 robe {Archmagi}
rPois   .          Reflect  +    g - +2 helmet
rElec   +          Harm     .    G - +0 cloak
rCorr   .          Rampage  .    (no gloves)
Will    +....      Archmagi +    s - +0 pair of boots
Stlth   ++........               w - amulet of reflection
HPRegen 0.20/turn                K - ring of wizardry
MPRegen 0.23/turn                F - ring of see invisible

@: swift, very quick
A: no striking features
a: Renounce Religion


You were on level 11 of the Dungeon.
You worshipped Vehumet.
Vehumet was extremely pleased with you.
You visited 3 branches of the dungeon, and saw 15 of its levels.
You also visited: Bailey.

You collected 707 gold pieces.
You spent 309 gold pieces at shops.

Inventory:

Hand Weapons
 a - the +8 rapier of Wiseij Husau (weapon) {flame, rElec}
   (You bought it in a shop on level 9 of the Dungeon)

   It burns those it strikes, dealing additional fire damage.
   rElec:     It insulates you from electricity.
 o - a +2 dagger of protection
 q - a +2 dagger of freezing
 A - a +0 shortbow
 I - a +1 rapier of speed
 N - a +2 dagger of venom
Missiles
 X - a throwing net
Armour
 g - a +2 helmet (worn)
 s - a +0 pair of boots (worn)
 D - a +2 robe of the Archmagi (worn)
 G - a +0 cloak (worn)
 L - the +6 leather armour "Qeomiyp" {rN+}
   (You found it on level 1 of the Lair of Beasts)

   rN:        It protects you from negative energy.
 T - the +2 leather armour of Happy Babbling {-Tele rElec rPois}
   (You found it in a bailey)

   rElec:     It insulates you from electricity.
   rPois:     It protects you from poison.
   -Tele:     It prevents most forms of teleportation.
Jewellery
 l - a +6 ring of strength
 w - an amulet of reflection (around neck)
 F - a ring of see invisible (right hand)
 K - a ring of wizardry (left hand)
 W - a ring of fire
Wands
 f - a wand of flame (38)
 k - a wand of digging (8)
 r - a wand of iceblast (18)
 t - a wand of paralysis (9)
 y - a wand of polymorph (9)
Scrolls
 d - a scroll of enchant weapon {unknown}
 e - 5 scrolls of teleportation
 h - a scroll of magic mapping
 i - 3 scrolls of vulnerability
 j - 2 scrolls of blinking
 E - a scroll of immolation {unknown}
 J - a scroll of fear
 M - a scroll of brand weapon {unknown}
 P - 2 scrolls of silence {unknown}
 Q - 5 scrolls of identify
 R - a scroll of fog {unknown}
 U - 3 scrolls of amnesia {unknown}
 V - a scroll of noise {unknown}
Potions
 b - 3 potions of magic
 c - 3 potions of heal wounds
 m - 2 potions of ambrosia
 n - 2 potions of brilliance
 p - 2 potions of curing
 u - 6 potions of might
 v - a potion of cancellation
 x - 3 potions of haste {unknown}
 z - a potion of invisibility {unknown}
 B - 2 potions of berserk rage {unknown}
 C - 4 potions of mutation {unknown}
 H - 2 potions of resistance
Miscellaneous
 S - a tin of tremorstones (2/2)


   Skills:
 - Level 2.1 Fighting
 + Level 4.3 Short Blades
 - Level 5.0 Dodging
 - Level 2.8 Stealth
 - Level 15.0 Spellcasting
 - Level 13.0 Conjurations
 + Level 8.1 Hexes
 - Level 6.8 Fire Magic
 - Level 5.0 Air Magic


You had 23 spell levels left.
You knew the following spells:

 Your Spells              Type           Power      Damage    Failure   Level
a - Magic Dart            Conj           100%       1d8       0%          1
d - Lightning Bolt        Conj/Air       42%        1d61      1%          5
q - Fulminant Prism       Conj/Hex       45%        3d21      1%          4
s - Searing Ray           Conj           100%       2d8       0%          2
t - Swiftness             Air            66%        N/A       1%          3
x - Inner Flame           Hex/Fire       78%        N/A       1%          3

Your spell library contained the following spells:

 Spells                   Type           Power      Damage    Failure   Level
 Lee's Rapid Deconstruct  Erth           16%        3d11*     7%          5
 Beastly Appendage        Tmut           64%        N/A       1%          1
 Foxfire                  Conj/Fire      100%       2x1d9     1%          1
 Freeze                   Ice            100%       1d11      1%          1
 Necrotise                Necr           100%       1d9       1%          1
 Ensorcelled Hibernation  Hex/Ice        100%       N/A       1%          2
 Passwall                 Tmut/Erth      26%        N/A       1%          2
 Static Discharge         Conj/Air       100%       2-7/arc   1%          2
 Wereblood                Tmut           32%        N/A       1%          2
 Dazzling Flash           Conj/Hex       100%       N/A       1%          3
 Frozen Ramparts          Ice            64%        1d10      1%          3
 Portal Projectile        Hex/Tloc       100%       N/A       1%          3
 Stone Arrow              Conj/Erth      100%       3d13      1%          3
 Cause Fear               Hex            40%        N/A       1%          4
 Flame Wave               Conj/Fire      87%        2d19      1%          4
 Hailstorm                Conj/Ice       73%        3d15      1%          4
 Iskenderun's Mystic Bla  Conj/Tloc      73%        2d15      1%          4
 Leda's Liquefaction      Hex/Erth       30%        N/A       1%          4
 Fireball                 Conj/Fire      43%        3d17      1%          5
 Starburst                Conj/Fire      43%        6d12      1%          6
 Call Canine Familiar     Summ           32%        N/A       2%          3
 Spider Form              Tmut/Pois      32%        N/A       2%          3
 Vampiric Draining        Necr           32%        2d8       2%          3
 Animate Armour           Summ/Erth      64%        N/A       9%          4
 Ice Form                 Ice/Tmut       32%        N/A       9%          4
 Summon Ice Beast         Ice/Summ       32%        N/A       9%          4
 Agony                    Necr           32%        N/A       24%         5
 Ignition                 Fire           37%        3d11      58%         8
 Lehudib's Crystal Spear  Conj/Erth      36%        10d9      63%         8
 Maxwell's Capacitive Co  Air            33%        ∞         80%         8
 Discord                  Hex            40%        N/A       88%         8


Dungeon Overview and Level Annotations

Branches:
Dungeon (11/15)            Temple (1/1) D:5            Lair (3/6) D:8
    Orc (0/2) D:11         Bailey (visited)
  Swamp: Lair:2-3    Shoals: Lair:2-3     Snake: Lair:2-3    Spider: Lair:2-3

Altars:
Ashenzari
Cheibriados
Dithmenos
Elyvilon
Fedhas
Gozag
Hepliaklqana
Kikubaaqudgha
Makhleb
Nemelex Xobeh
Okawaru
Qazlal
Ru
Sif Muna
Trog
Uskayaw
Vehumet
Wu Jian
Xom
Yredelemnul
Zin
The Shining One

Shops:
D:4 *   D:9 (   D:10 *

Annotations:
Lair:3 3 runed translucent doors, Pelinal's ghost, journeyman DjNe


Message History

a +0 short sword; a +1 scale mail of poison resistance; an orc corpse You now have 398 gold pieces (gained 9).
Things that are here:
a +0 short sword; an orc corpse You open the door.
There is an open door here.
A four-headed hydra comes into view.
Found a staircase to the Orcish Mines.
The four-headed hydra roars!
There is an open door here.
Casting: Fulminant Prism (safe; 1% risk of failure)
Confirm with . or Enter, or press ? or * to list all spells.
Okay, then.
Casting: Fulminant Prism (safe; 1% risk of failure)
Confirm with . or Enter, or press ? or * to list all spells.
You feel a surge of power!
You feel quick.
A meliai simulacrum comes into view.
Things that are here:
a +0 dagger; a +0 robe The meliai simulacrum hits you.
The meliai simulacrum freezes you! The meliai simulacrum misses you.
The meliai simulacrum attacks as you move away!
The meliai simulacrum hits you but does no damage.
The meliai simulacrum barely misses you.
The meliai simulacrum hits you but does no damage.
The meliai simulacrum closely misses you.
The meliai simulacrum attacks as you move away!
The meliai simulacrum hits you but does no damage.
The meliai simulacrum hits you. The meliai simulacrum freezes you!
The meliai simulacrum attacks as you move away!
The meliai simulacrum hits you! The meliai simulacrum freezes you!
* * * LOW HITPOINT WARNING * * *
You block the meliai simulacrum's attack.
The meliai simulacrum hits you but does no damage.
The meliai simulacrum barely misses you.
The meliai simulacrum attacks as you move away!
The meliai simulacrum hits you.
* * * LOW HITPOINT WARNING * * *
The meliai simulacrum freezes you!
You die...

#...###.....##.##....#.....#.#
#[........#^...#.....#.###.#..
#........##.####.###.#.....#..
#.....##.##......# #.#######..
#.....##.######..# #.#######..
###..)..##....###..###.##.......
#.'...>.#####..........##.......
#.#...#.#......##########.......
#.#...#........@Z...#####.......
#.#...###......###.D....).).##'#
#.##### #......# #††....).).##.#
#...# #......# #.......)..##..
###.# #..<...# #......))..####
#.# #......# #.....)....#
#.#####......# #....)))...#
#.#...####### #....))....#
#......###### #.()...)...#


You could see a four-headed hydra and a meliai simulacrum.

Vanquished Creatures
  2 two-headed ogres (D:10)
  Sonja (Lair:1)
  2 gargoyles
  2 cane toads
  3 komodo dragons
  A troll (D:10)
  A polar bear (Lair:3)
  Grinder (D:5)
  Prince Ribbit (D:6)
  10 blink frogs
  A shadow (D:10)
  2 vampires
  A wyvern (Lair:2)
  22 yaks
  2 basilisks (Lair:1)
  2 steam dragons (D:7)
  Grum (D:8)
  2 vampire mosquitoes (D:10)
  5 water moccasins
  6 orc warriors
  4 ice beasts
  2 ogres
  3 wolves (D:8)
  4 centaurs
  A phantom (D:5)
  11 bullfrogs
  2 kobold brigands (D:9)
  A necrophage (D:7)
  A gnoll sergeant (D:9)
  3 scorpions
  4 wights (D:9)
  20 killer bees
  7 vampire bats (Bailey)
  6 wolf zombies (Bailey)
  3 howler monkeys (D:10)
  2 hounds
  4 jellies
  4 gnoll boudas
  7 orc priests
  Crazy Yiuf (D:6)
  Terence (D:3)
  2 iguanas
  10 orc wizards
  Robin (D:3)
  24 gnolls
  6 adders
  2 shadow imps
  A white imp (D:8)
  A worm (D:2)
  3 dart slugs
  34 orcs
  6 endoplasms
  3 giant cockroaches
  14 goblins
  9 hobgoblins
  8 jackals
  A quokka (D:2)
  8 ball pythons
  2 bats
  3 frilled lizards
  10 kobolds
  23 orc zombies (Bailey)
  4 rats
334 creatures vanquished.

Vanquished Creatures (others)
  A bush (Lair:3)
  90 fulminant prisms
  29 fungi
  19 plants
139 creatures vanquished.

Grand Total: 473 creatures vanquished

Notes
Turn   | Place    | Note
-------+----------+-------------------------------------------
     0 | D:1      | Tilon the Deep Elf Conjurer began the quest for the Orb.
     0 | D:1      | Reached XP level 1. HP: 10/10 MP: 6/6
   340 | D:1      | Reached XP level 2. HP: 15/15 MP: 4/8
   344 | D:1      | Learned a level 2 spell: Searing Ray
   413 | D:1      | Found a faded altar of an unknown god.
   624 | D:1      | Reached skill level 5 in Conjurations
  1060 | D:2      | Reached XP level 3. HP: 19/19 MP: 2/9
  1505 | D:2      | Reached XP level 4. HP: 21/24 MP: 10/10
  1510 | D:2      | Learned a level 4 spell: Fulminant Prism
  1674 | D:2      | Reached skill level 1 in Hexes
  1880 | D:3      | Noticed Terence
  1918 | D:3      | Noticed Robin
  1965 | D:3      | Killed Robin
  2246 | D:3      | Noticed an ogre
  2270 | D:3      | Killed an ogre
  2271 | D:3      | Reached XP level 5. HP: 28/28 MP: 4/11
  2398 | D:3      | Killed Terence
  2494 | D:3      | Reached skill level 5 in Hexes
  2494 | D:3      | Reached XP level 6. HP: 32/32 MP: 6/12
  3127 | D:4      | Found Ozo Tasm's General Store.
  3135 | D:4      | Bought a scroll of teleportation for 30 gold pieces
  3525 | D:4      | Reached skill level 4 in Spellcasting
  3715 | D:4      | Found a white marble altar of Elyvilon.
  3715 | D:4      | Found an iron altar of Okawaru.
  3826 | D:4      | Learned a level 3 spell: Inner Flame
  3827 | D:5      | Entered Level 5 of the Dungeon
  3961 | D:5      | Reached skill level 5 in Spellcasting
  4081 | D:5      | Reached XP level 7. HP: 36/36 MP: 11/17
  4109 | D:5      | Reached skill level 6 in Spellcasting
  4225 | D:5      | Found a glowing silver altar of Zin.
  4326 | D:5      | Reached skill level 1 in Fighting
  4511 | D:5      | Found a staircase to the Ecumenical Temple.
  4541 | Temple   | Entered the Ecumenical Temple
  4554 | Temple   | Became a worshipper of Vehumet
  4753 | Temple   | Upgraded the game from 0.29-a0-451-gfbfa42419e to
                  | 0.29-a0-459-g97dee8cd24
  4863 | D:5      | Reached skill level 1 in Fire Magic
  5150 | D:5      | Noticed Grinder
  5160 | D:5      | Paralysed by Grinder for 5 turns
  5168 | D:5      | Killed Grinder
  5169 | D:5      | Reached XP level 8. HP: 34/44 MP: 7/19
  5609 | D:5      | Reached skill level 5 in Dodging
  5780 | D:6      | Reached skill level 7 in Spellcasting
  5852 | D:6      | Upgraded the game from 0.29-a0-459-g97dee8cd24 to
                  | 0.29-a0-474-gdfe5cd140f
  5852 | D:6      | Upgraded the game from 0.29-a0-474-gdfe5cd140f to
                  | 0.29-a0-495-g17b79114eb
  6023 | D:6      | Reached skill level 8 in Spellcasting
  6189 | D:6      | Noticed Prince Ribbit
  6192 | D:6      | Killed Prince Ribbit
  6585 | D:6      | Found a runed translucent door.
  6586 | D:6      | Noticed Crazy Yiuf
  6592 | D:6      | Killed Crazy Yiuf
  6593 | D:6      | Reached XP level 9. HP: 48/48 MP: 15/23
  6795 | D:7      | Reached * piety under Vehumet
  6795 | D:7      | Offered knowledge of Sandblast by Vehumet.
  6918 | D:7      | Found an ornate altar of the Wu Jian Council.
  7037 | D:7      | Reached skill level 10 in Conjurations
  7924 | D:8      | Noticed Grum
  7932 | D:8      | Killed Grum
  8023 | D:8      | Found a staircase to the Lair.
  8338 | D:8      | Found a shadowy altar of Dithmenos.
  8537 | D:8      | Offered knowledge of Freeze by Vehumet.
  8541 | D:8      | Reached ** piety under Vehumet
  8790 | D:8      | Reached XP level 10. HP: 45/53 MP: 19/24
  9052 | Lair:1   | Entered Level 1 of the Lair of Beasts
  9154 | Lair:1   | Identified the +6 leather armour "Qeomiyp" {rN+}
  9217 | Lair:1   | Noticed a cane toad
  9226 | Lair:1   | Killed a cane toad
  9227 | Lair:1   | Reached skill level 9 in Spellcasting
  9291 | Lair:1   | Reached skill level 10 in Spellcasting
  9296 | Lair:1   | Noticed Sonja
  9559 | Lair:1   | Reached skill level 11 in Spellcasting
  9760 | Lair:1   | Killed Sonja
  9761 | Lair:1   | Reached skill level 12 in Spellcasting
 10003 | Lair:1   | Offered knowledge of Mephitic Cloud by Vehumet.
 10004 | Lair:1   | Reached skill level 13 in Spellcasting
 10178 | Lair:1   | Reached XP level 11. HP: 57/57 MP: 26/30
 10371 | Lair:2   | Upgraded the game from 0.29-a0-495-g17b79114eb to
                  | 0.29-a0-529-gfa20dd96a1
 10375 | Lair:2   | Learned a level 3 spell: Swiftness
 10381 | Lair:2   | Learned a level 5 spell: Lightning Bolt
 10448 | Lair:2   | Reached skill level 14 in Spellcasting
 10448 | Lair:2   | Reached *** piety under Vehumet
 10845 | Lair:2   | Reached skill level 1 in Air Magic
 11393 | Lair:3   | Found a runed translucent gate.
 11393 | Lair:3   | Found a runed translucent gate.
 11393 | Lair:3   | Found a runed translucent gate.
 11393 | Lair:3   | Noticed Pelinal's ghost (journeyman DjNe)
 11412 | Lair:3   | Noticed a five-headed hydra
 11594 | Lair:3   | Reached skill level 15 in Spellcasting
 11679 | Lair:1   | Reached skill level 5 in Fire Magic
 11841 | D:9      | Offered knowledge of Hailstorm by Vehumet.
 11842 | D:9      | Upgraded the game from 0.29-a0-529-gfa20dd96a1 to
                  | 0.30-a0-137-gd8773701ce
 11972 | D:9      | Found a flagged portal.
 11992 | Bailey   | Entered a bailey
 12062 | Bailey   | Reached **** piety under Vehumet
 12180 | Bailey   | Offered knowledge of Airstrike by Vehumet.
 12481 | Bailey   | Identified the +2 leather armour of Happy Babbling {-Tele
                  | rElec rPois}
 12778 | D:9      | Reached skill level 5 in Air Magic
 13107 | D:9      | Found Xilim's Antique Weapon Emporium.
 13115 | D:9      | Bought a fading rapier for 279 gold pieces
 13115 | D:9      | Identified the +8 rapier of Wiseij Husau {flame, rElec}
                  | (You bought it in a shop on level 9 of the Dungeon)
 13307 | D:10     | Entered Level 10 of the Dungeon
 13322 | D:10     | Reached ***** piety under Vehumet
 13322 | D:10     | Offered knowledge of Lee's Rapid Deconstruction by Vehumet.
 13340 | D:10     | Reached skill level 1 in Short Blades
 13964 | D:10     | Noticed a two-headed ogre
 13974 | D:10     | Killed a two-headed ogre
 14002 | D:10     | Noticed a two-headed ogre
 14026 | D:10     | Killed a two-headed ogre
 14027 | D:10     | Reached XP level 12. HP: 62/62 MP: 24/33
 14365 | D:10     | Found Irphithu's General Store.
 14883 | D:11     | Found a staircase to the Orcish Mines.
 14883 | D:11     | Noticed a four-headed hydra
 14905 | D:11     | Slain by a meliai simulacrum

Illustrated notes

Levels and vault maps discovered:
D:1:      zaba_arrival_water, layout_loops_ring,
          hellmonk_ecumenical_altar_lost_god
D:2:      layout_rooms, minmay_pentomino_z4
D:3:      layout_basic, uniq_robin, uniq_terence
D:4:      layout_loops_cross, gammafunk_temple_overflow_elements, serial_shops,
          shop
D:5:      layout_cave_pods, lemuel_crystal_altar, minmay_temple_entry_overgrown,
          uniq_grinder
D:6:      layout_basic, grunt_decor_fettered, uniq_crazy_yiuf_cottage,
          uniq_prince_ribbit1
D:7:      layout_loops_ring, nzn_wu_jian_contemplation
D:8:      layout_basic, lemuel_doored_altar, dpeg_oklobed_lair,
          minmay_crystal_room, uniq_grum
D:9:      layout_roguey, serial_shops, nicolae_shop_statue_plus, enter_bailey_2
D:10:     layout_loops_ring, serial_shops, nicolae_shop_window_shopping
D:11:     minmay_cornered_nines, layout_basic, minmay_orc_entry_temple_small,
          special_room [special_room_orc]
Temple:   minmay_crystal_spiral_temple
Lair:1:   layout_roguey, uniq_sonja
Lair:2:   layout_chaotic_city, serial_bayou_crossing
Lair:3:   layout_misc_corridors, hellmonk_spider_entry_life_and_decay,
          ebering_ghost_rock_garden, dreamdust_mushroom_princess,
          lemuel_fruit_tree

Skill      XL: |  1  2  3  4  5  6  7  8  9 10 11 12 |
---------------+-------------------------------------+-----
Conjurations   | 5 6 7 9 12 13 | 13.0
Hexes          | 4 5 7 8 |  8.1
Spellcasting   | 5 6 8 13 15 | 15.0
Fighting       | 2 |  2.1
Dodging        | 4 5 |  5.0
Fire Magic     | 3 6 |  6.8
Air Magic      | 5 |  5.0
Short Blades   | 3 4 |  4.3
Stealth        | |  2.8

Action                   |  1- 3 |  4- 6 |  7- 9 | 10-12 || total
-------------------------+-------+-------+-------+-------++-------
Melee: Dagger            |     9 |     5 |     5 |     5 ||    24
       Rapier            |       |       |       |    15 ||    15
 Cast: Magic Dart        |    44 |    69 |    32 |    13 ||   158
       Searing Ray       |     4 |    19 |    49 |    60 ||   132
       Fulminant Prism   |       |     1 |    27 |    62 ||    90
       Lightning Bolt    |       |       |       |    16 ||    16
       Swiftness         |       |       |       |     1 ||     1
  Use: Scroll            |       |       |    10 |     8 ||    18
       Potion            |       |       |       |     1 ||     1
Armor: Robe              |     4 |     9 |    12 |    31 ||    56
Dodge: Dodged            |    13 |    14 |    21 |    81 ||   129
Block: Other             |       |       |     9 |    18 ||    27
       Reflection        |       |       |     2 |       ||     2

Table legend: (Time is in decaauts)
 A = Elapsed time spent in this place.
 B = Non-inter-level travel time spent in this place.
 C = Inter-level travel time spent in this place.
 D = Time resting spent in this place.
 E = Time spent auto-exploring this place.
 F = Levels seen in this place.
 G = Mean time per level.
                   A        B        C        D        E       F      G
               +--------+--------+--------+--------+--------+-----+--------+
         Total |  14908 |  14428 |    480 |   1207 |  10613 |  16 |  931.8 |
       Dungeon |  11770 |  11499 |    271 |    679 |   9008 |  11 | 1070.0 |
        Temple |    221 |    138 |     83 |      0 |     96 |   1 |  221.0 |
          Lair |   2367 |   2241 |    126 |    353 |   1462 |   3 |  789.0 |
        Bailey |    548 |    548 |      0 |    175 |     47 |   1 |  548.0 |
               +--------+--------+--------+--------+--------+-----+--------+

Top non-repeatable levels by time:
     D:5: 1724 daAuts
     D:8: 1597 daAuts
    D:10: 1133 daAuts
     D:7: 1119 daAuts
  Lair:1: 1098 daAuts
     D:4: 1050 daAuts
     D:3: 1003 daAuts
     D:6: 984 daAuts
  Lair:2: 973 daAuts
     D:1: 961 daAuts
     D:9: 919 daAuts
     D:2: 815 daAuts
  Bailey: 548 daAuts
    D:11: 461 daAuts
  Lair:3: 295 daAuts
